 Dungeon Crawl Stone Soup version 0.31-a0-986-g5e6e4ef867 (webtiles) character file.

Game seed: 1548149440360541083

55 Fodor the Covered (level 3, -1/33 HPs)
             Began as a Minotaur Fighter on Nov 11, 2023.
             Slain by a cerulean imp
             ... wielding a +2 spear
             ... summoned by Natasha
              (5 damage)
             ... on level 2 of the Dungeon.
             The game lasted 00:05:00 (969 turns).

Fodor the Covered (Minotaur Fighter)                 Turns: 969, Time: 00:05:01

Health: -1/33      AC:  9    Str: 22    XL:     3   Next: 67%
Magic:  2/2        EV:  8    Int:  5    God:
Gold:   48         SH:  4    Dex:  9    Spells: 2/2 levels left

rFire   . . .        a - +0 war axe
rCold   . . .        c - +0 buckler
rNeg    . . .        j - +0 chain mail
rPois   .            (helmet currently unavailable)
rElec   .            (cloak currently unavailable)
rCorr   .            (gloves currently unavailable)
SInv    .            (boots currently unavailable)
Will    .....        (no amulet) Stlth
                     (no ring)
HPRegen 0.25/turn    (no ring)
MPRegen 0.08/turn

%: no passive effects
@: beast-form, slowed, very slow
A: beast (slay +0), horns 2, retaliatory headbutt
a: Begin Untransformation


You were on level 2 of the Dungeon.
You were a hulking beast.
You visited 1 branch of the dungeon, and saw 2 of its levels.

You collected 48 gold pieces.

Inventory:

Hand Weapons
 a - a +0 war axe (weapon)
Armour
 c - a +0 buckler (worn)
 j - a +0 chain mail (worn)
Talismans
 h - a beast talisman (active)
Scrolls
 e - 3 scrolls of teleportation {unknown}
 f - a scroll of butterflies {unknown}
 g - 3 scrolls of identify {unknown}
 i - a scroll of vulnerability {unknown}
Potions
 b - a potion of degeneration {unknown}
 d - a potion of might


   Skills:
 + Level 4.0 Fighting
 + Level 3.3 Axes
 + Level 4.2 Armour
 + Level 4.1 Shields
 + Level 0.4 Shapeshifting


You had 2 spell levels left.
You didn't know any spells.
Your spell library was empty.

Dungeon Overview and Level Annotations

Branches:
Dungeon (2/15)

Altars:

Shops:
D:1 [

Annotations:
D:2 Natasha


Innate Abilities, Weirdness & Mutations

You are a hulking beast.
Your limbs bulge with bestial killing power. (Slay +0)
You have a pair of horns on your head.
You reflexively headbutt those who attack you in melee.


Message History

You feel yourself slow down. Natasha claws you.
Natasha wildly gestures.
Natasha shimmers violently.
Natasha barely misses you.
You slash Natasha!
Natasha is heavily wounded.
Natasha claws you. x2
You hit Natasha but do no damage. You headbutt Natasha, but do no damage.
Natasha is heavily wounded.
Natasha barely misses you.
Natasha howls an incantation.
Natasha glows brightly for a moment.
Natasha casts a spell.
You miss Natasha.
Natasha is heavily wounded.
Natasha closely misses you.
Natasha growls.
Natasha claws you.
The cerulean imp hits you but does no damage.
You hit Natasha.
Natasha is heavily wounded.
You closely miss the cerulean imp.
Natasha stares at you and mumbles some strange words.
The magic dart hits you.
The cerulean imp hits you with a +2 spear.
Natasha mumbles some strange words.
The cerulean imp barely misses you. Natasha casts a spell at you.
You feel as though you will be slow longer.
The cerulean imp closely misses you. Natasha casts a spell at you.
The magic dart hits you.
* * * LOW HITPOINT WARNING * * *
Natasha stares at you and mumbles some strange words.
The magic dart hits you but does no damage.
The cerulean imp closely misses you. Natasha claws you.
* * * LOW HITPOINT WARNING * * *
The cerulean imp hits you from afar with a +2 spear.
You die...

### # ############.###
#.........##....
#.#######.##.### # #.#
#.##.# #
#####.#####.#######'##.# #
......55hh..#..........# #
....##.######..........###
. .... #..#..........
....... ##...#...#####
......... #.#......#
.......#..####...#....#
....).....#....#...#..#
...........<.....#.#.##
......###....#.....#


You could see Natasha and 2 cerulean imps.

Vanquished Creatures
  Natasha (D:2)
  A dart slug (D:2)
  2 giant cockroaches (D:1)
  3 goblins (D:1)
  A hobgoblin (D:1)
  4 jackals (D:2)
  3 kobolds (D:1)
  A quokka (D:1)
  4 ball pythons
  A bat (D:1)
  6 rats
27 creatures vanquished.

Notes
Turn   | Place    | Note
-------+----------+-------------------------------------------
     0 | D:1      | Fodor the Minotaur Fighter began the quest for the Orb.
     0 | D:1      | Reached XP level 1. HP: 19/19 MP: 0/0
   179 | D:1      | Reached XP level 2. HP: 13/27 MP: 1/1
   435 | D:1      | Found Dugguet's Antique Armour Shoppe.
   823 | D:2      | Reached XP level 3. HP: 33/33 MP: 2/2
   914 | D:2      | Noticed Natasha
   925 | D:2      | Killed Natasha
   958 | D:2      | Noticed Natasha
   969 | D:2      | Slain by a cerulean imp

Illustrated notes

Levels and vault maps discovered:
D:1:      lemuel_arrival_lava_pool, layout_loops_cross, serial_shops,
          nicolae_shop_temple_entry_statues_fountains,
          chequers_serial_rivers_micro_e
D:2:      layout_basic, basic_altar, minmay_misc_feat_pillars, uniq_terence,
          uniq_natasha

Skill      XL: |  1  2  3 |
---------------+----------+-----
Armour         | 4 |  4.2
Fighting       | 4 |  4.0
Shields        | 4 |  4.1
Axes           | 3 |  3.3
Shapeshifting  | |  0.4

Action                     || total
---------------------------++-------
  Melee: War axe           ||    57
         Headbutt          ||     6
 Armour: Scale mail        ||    19
         Chain mail        ||    28
  Dodge: Dodged            ||    27
  Block: Buckler           ||    19
   Form: Beast             ||     1

Table legend: (Time is in decaauts)
 A = Elapsed time spent in this place.
 B = Non-inter-level travel time spent in this place.
 C = Inter-level travel time spent in this place.
 D = Time resting spent in this place.
 E = Time spent auto-exploring this place.
 F = Levels seen in this place.
 G = Mean time per level.
                   A        B        C        D        E       F      G
               +--------+--------+--------+--------+--------+-----+--------+
         Total |   1011 |    984 |     27 |     72 |      0 |   2 |  505.5 |
       Dungeon |   1011 |    984 |     27 |     72 |      0 |   2 |  505.5 |
               +--------+--------+--------+--------+--------+-----+--------+

Top non-repeatable levels by time:
     D:1: 808 daAuts
     D:2: 202 daAuts
